 Dungeon Crawl Stone Soup version 0.29-a0-319-gad05b8d819 (webtiles) character file.

Game seed: 3420560007725287719

1445 Dabor the Skirmisher (level 8, -8/78 (91) HPs)
             Began as a Demonspawn Transmuter on Apr 2, 2022.
             Was an Initiate of Gozag.
             Mangled by a wight
             ... wielding a +4 mace
              (10 damage)
             ... on level 6 of the Dungeon.
             The game lasted 00:11:15 (7772 turns).

Dabor the Skirmisher (Demonspawn Transmuter)        Turns: 7772, Time: 00:11:16

HP:   -8/78 (91)    AC: 24    Str: 13    XL:     8   Next: 46%
MP:   23/23         EV:  2    Int: 16    God:    Gozag
Gold: 98            SH:  0    Dex: 16    Spells: 12/15 levels left

rFire   . . .      SeeInvis +   w - +1 great mace "Sidygeucw" {chaos, Str+2 Int+2 SInv}
rCold   . . .      Faith    .   (shield currently unavailable)
rNeg    + . .      Spirit   .   (body armour currently unavailable)
rPois   +          Reflect  .   (helmet currently unavailable)
rElec   .          Harm     .   (cloak currently unavailable)
rCorr   .          Rampage  .   (gloves currently unavailable)
Will    .....      NoTele   +   (boots currently unavailable)
Stlth   +.........              (no amulet)
HPRegen 0.23/turn               l - ring of positive energy
MPRegen 0.18/turn               x - ring of magical power

@: mighty, tree-form, studying Throwing, heavily drained
A: stationary, stasis, torment immunity, boosted hp, (molten scales 1), demonic
guardian 1, (spiny 1), (weakness stinger 1), mutation resistance 1
a: Renounce Religion, Potion Petition, Call Merchant, Bribe Branch


You were on level 6 of the Dungeon.
You worshipped Gozag.
Gozag was noncommittal.
You were a tree.
You visited 1 branch of the dungeon, and saw 6 of its levels.
You also visited: Sewer.

You collected 1129 gold pieces.
You spent 963 gold pieces at shops.
You paid 68 gold pieces to Gozag.

Inventory:

Hand Weapons
 p - a +2 short sword of venom
 w - the +1 great mace "Sidygeucw" (weapon) {chaos, Str+2 Int+2 SInv}
   (You bought it in a shop on level 6 of the Dungeon)

   Each time it hits an enemy it has a different, random effect.
   Str:       It affects your strength (+2).
   Int:       It affects your intelligence (+2).
   SInv:      It lets you see invisible.
Missiles
 o - 4 datura-tipped darts
 t - 43 poisoned darts (quivered)
Armour
 a - a +1 robe
 j - the +4 plate armour of Gravitas (melded) {-Tele rElec rF++ Dex+3}
   (You bought it in a shop on level 3 of the Dungeon)

   Dex:       It affects your dexterity (+3).
   rF:        It greatly protects you from fire.
   rElec:     It insulates you from electricity.
   -Tele:     It prevents most forms of teleportation.
 y - a +2 pair of boots (melded)
Jewellery
 l - a ring of positive energy (left branch)
 x - a ring of magical power (right branch)
Wands
 d - a wand of acid (12)
Scrolls
 f - 2 scrolls of magic mapping
 g - 2 scrolls of enchant armour
 i - a scroll of fog
 k - a scroll of amnesia
 m - 2 scrolls of immolation
 n - 2 scrolls of teleportation
 q - a scroll of blinking
 r - a scroll of noise
 u - a scroll of torment
 v - a scroll of vulnerability {unknown}
Potions
 b - 3 potions of lignification
 e - a potion of brilliance
 h - 4 potions of mutation
 s - a potion of degeneration


   Skills:
 + Level 4.3 Fighting
 + Level 2.8 Throwing
 * Level 3.2 Armour
 + Level 4.2 Dodging
 - Level 4.0 Unarmed Combat
 - Level 4.0 Spellcasting
 - Level 4.0 Transmutations
 + Level 3.8 Invocations


You had 12 spell levels left.
You knew the following spells:

 Your Spells              Type           Power      Damage    Failure   Level
a - Beastly Appendage     Tmut           32%        N/A       3%          1
b - Wereblood             Tmut           16%        N/A       4%          2

Your spell library contained the following spells:

 Spells                   Type           Power      Damage    Failure   Level
 Animate Skeleton         Necr           6%         N/A       17%         1
 Apportation              Tloc           6%         N/A       17%         1
 Summon Small Mammal      Summ           12%        N/A       17%         1
 Spider Form              Tmut/Pois      9%         N/A       22%         3
 Ice Form                 Ice/Tmut       9%         N/A       58%         4


Dungeon Overview and Level Annotations

Branches:
Dungeon (6/15)             Temple (0/1) D:5           Sewer (visited)

Altars:
Gozag
Makhleb
Yredelemnul
Zin

Shops:
D:3 [   D:6 (:


Innate Abilities, Weirdness & Mutations

You are a tree.
Your roots penetrate the ground, keeping you stationary.
You cannot be teleported.
You are immune to unholy pain and torment.
Your maximum health is greatly increased.
Your equipment is partially melded.
((You are partially covered in molten scales. (AC +2)))
A weak demonic guardian rushes to your aid.
((You are partially covered in sharp spines.))
((You have a small tail.))
You are somewhat resistant to further mutation.


Message History

A demonic guardian appears!
You partially resist.
You feel drained.
You barely miss the wight.
The wight is heavily damaged.
The wight hits you but does no damage. The wight hits you with a +0 dagger.
* * * LOW HITPOINT WARNING * * *
You partially resist.
You feel drained.
You hit the wight.
The wight suddenly seems more agile.
The wight is almost destroyed.
The wight hits you but does no damage.
You hit the wight. You burn the wight.
The wight is almost destroyed.
The wight hits you but does no damage. x2
You miss the wight.
The wight is almost destroyed.
The wight hits you with a +0 dagger.
* * * LOW HITPOINT WARNING * * *
A demonic guardian appears!
You partially resist.
You feel drained. The wight hits you but does no damage.
You sock the wight!
You destroy the wight!
You barely miss the wight.
The wight is lightly damaged.
The wight hits you but does no damage. The wight completely misses you.
Makhleb rains destruction down upon you!
The puff of flame hits you.
* * * LOW HITPOINT WARNING * * *
You barely miss the wight.
The wight is lightly damaged.
The wight completely misses you. The wight hits you with a +4 mace.
* * * LOW HITPOINT WARNING * * *
You partially resist.
You feel drained.
You completely miss the wight.
The wight is lightly damaged.
Your quasit disappears in a puff of smoke!
The wight hits you but does no damage.
You barely miss the wight.
The wight is lightly damaged.
The wight hits you with a +4 mace!
You die...
Your body crumbles into a pile of gold.

### # #.####.#
#######......#
#..5♣z.......#
####.#####.########
#......#.#∩z∩......
#.##.#...#5..?#####
#.##.#.#.#∩z∩##
#.##.###.#.#.#
#.##.....#.#.#
##########........#.#.#
..............###.#.#.#


You could see a wight (ally target) and a friendly white imp (summoned).

Vanquished Creatures
  2 smoke demons
  2 orange demons (D:5)
  Grinder (D:3)
  A water moccasin (D:6)
  A sky beast (D:6)
  An orc warrior (D:5)
  A centaur (D:5)
  A kobold brigand (Sewer)
  Blork the orc (D:6)
  3 wights
  A howler monkey (D:6)
  A hound (D:5)
  A jelly (D:5)
  An orc priest (D:4)
  4 iguanas
  3 orc wizards
  10 adders
  2 river rats (Sewer)
  2 shadow imps
  2 white imps (D:6)
  A worm (D:2)
  16 orcs
  8 ball pythons
  9 endoplasms
  7 giant cockroaches
  5 goblins
  6 hobgoblins
  2 jackals (D:5)
  4 quokkas
  3 bats (D:1)
  A frilled lizard (D:1)
  11 kobolds
  9 rats
123 creatures vanquished.

Vanquished Creatures (collateral kills)
  A necrophage (D:5)
  An orc (D:4)
2 creatures vanquished.

Vanquished Creatures (others)
  An orc (D:6)
1 creature vanquished.

Grand Total: 126 creatures vanquished

Notes
Turn   | Place    | Note
-------+----------+-------------------------------------------
     0 | D:1      | Dabor the Demonspawn Transmuter began the quest for the
                  | Orb.
     0 | D:1      | Reached XP level 1. HP: 15/15 MP: 3/3
   669 | D:1      | Gained mutation: You are partially covered in molten
                  | scales. (AC +2) [demonic ancestry]
   669 | D:1      | Reached XP level 2. HP: 21/21 MP: 3/5
  1523 | D:2      | Reached XP level 3. HP: 22/26 MP: 4/6
  1621 | D:2      | Learned a level 2 spell: Wereblood
  2364 | D:3      | Noticed Grinder
  2378 | D:3      | Killed Grinder
  2379 | D:3      | Gained mutation: You are partially covered in sharp spines.
                  | [demonic ancestry]
  2379 | D:3      | Reached XP level 4. HP: 34/34 MP: 6/8
  2379 | D:3      | Reached XP level 5. HP: 39/39 MP: 6/9
  2918 | D:3      | Gained mutation: A weak demonic guardian rushes to your
                  | aid. [demonic ancestry]
  2918 | D:3      | Reached XP level 6. HP: 45/46 MP: 8/10
  3006 | D:3      | Found Xujul's Antique Armour Shop.
  3135 | D:3      | Found a faded altar of an unknown god.
  3643 | D:3      | Noticed an angel
  3828 | D:3      | Prayed at the altar of an unknown god.
  3828 | D:3      | Became a worshipper of Makhleb the Destroyer
  3828 | D:3      | Reached * piety under Makhleb
  3889 | D:4      | Found a glowing drain.
  4026 | D:4      | Found a basalt altar of Yredelemnul.
  4078 | Sewer    | Entered a sewer
  4126 | Sewer    | Reached skill level 1 in Invocations
  4474 | Sewer    | Reached ** piety under Makhleb
  4475 | Sewer    | Gained mutation: You have a small tail. [demonic ancestry]
  4475 | Sewer    | Reached XP level 7. HP: 40/52 MP: 10/12
  4665 | Sewer    | Gained mutation: Your body sometimes deteriorates upon
                  | taking damage. [potion of mutation]
  4666 | Sewer    | Lost mutation: Your body sometimes deteriorates upon taking
                  | damage. [potion of mutation]
  4666 | Sewer    | Gained mutation: You are somewhat resistant to further
                  | mutation. [potion of mutation]
  4672 | Sewer    | Identified a scroll of acquirement
  4672 | Sewer    | Acquired 682 gold pieces
  4759 | D:3      | Bought a distressingly furry plate armour for 756 gold
                  | pieces
  4759 | D:3      | Identified the +4 plate armour of Gravitas {-Tele rElec
                  | rF++ Dex+3} (You bought it in a shop on level 3 of the
                  | Dungeon)
  5286 | D:5      | Entered Level 5 of the Dungeon
  5472 | D:5      | Found an opulent altar of Gozag.
  5520 | D:5      | Fell from the grace of Makhleb
  5520 | D:5      | Became a worshipper of Gozag Ym Sagoz the Greedy
  5633 | D:5      | Reached skill level 1 in Armour
  5790 | D:5      | Found a staircase to the Ecumenical Temple.
  5864 | D:5      | Noticed an orange demon
  5864 | D:5      | Noticed a smoke demon
  5880 | D:5      | Killed a smoke demon
  5909 | D:5      | Reached skill level 1 in Throwing
  6260 | D:5      | Killed an orange demon
  6421 | D:5      | Noticed an orange demon
  6429 | D:5      | Killed an orange demon
  6835 | D:5      | Reached XP level 8. HP: 59/60 MP: 13/13
  7193 | D:6      | Noticed Blork the orc
  7213 | D:6      | Killed Blork the orc
  7386 | D:6      | Noticed a smoke demon
  7402 | D:6      | Killed a smoke demon
  7601 | D:6      | Found Deelebb's Antique Weapon Shop.
  7613 | D:6      | Bought a shimmering great mace for 207 gold pieces
  7613 | D:6      | Identified the +1 great mace "Sidygeucw" {chaos, Str+2
                  | Int+2 SInv} (You bought it in a shop on level 6 of the
                  | Dungeon)
  7744 | D:6      | Found Tynikoc's Book Shop.
  7769 | D:6      | HP: 2/79 [divine wrath (3)]
  7772 | D:6      | Mangled by a wight

Illustrated notes

Levels and vault maps discovered:
D:1:      minmay_arrival_four_loops, layout_basic
D:2:      layout_rooms, serial_co_window_serial, co_window_of_opportunity_a,
          co_window_corner_a, co_window_paths_a, co_window_paths_a,
          co_window_corner_a, co_window_corner_cb, co_window_corner_ca,
          co_window_corner_b, co_window_4corner_a, glass_columns_c,
          glass_columns_a, glass_columns_a, glass_columns_a
D:3:      layout_loops_corners, zin_angel, serial_shops,
          nicolae_shop_temple_entry_statues_fountains,
          hellmonk_ecumenical_altar_inner_sanctum, uniq_grinder
D:4:      layout_basic, yredelemnul_altar_generic, gup_sewer_entry_glass
D:5:      layout_gridville, grunt_gozag_statues,
          minmay_temple_entry_sparse_star, minmay_manual_mail
D:6:      layout_basic, serial_shops, shop, shop, shop,
          nicolae_shop_competitors_out_of_business, uniq_blork_the_orc

Skill      XL: |  1  2  3  4  5  6  7  8 |
---------------+-------------------------+-----
Dodging        | 2 3 4 |  4.2
Transmutations | 2 3 4 |  4.0
Unarmed Combat | 3 4 |  4.0
Fighting       | 2 3 4 |  4.3
Spellcasting   | 3 4 |  4.0
Invocations    | 1 2 3 |  3.8
Armour         | 2 3 |  3.2
Throwing       | 1 2 |  2.8

Action                   |  1- 3 |  4- 6 |  7- 9 || total
-------------------------+-------+-------+-------++-------
Melee: Unarmed           |    88 |    29 |       ||   117
       Kick              |    20 |     6 |       ||    26
       Headbutt          |     6 |     3 |       ||     9
       Punch             |     1 |     2 |     2 ||     5
       Short sword       |       |   105 |   121 ||   226
       Tailslap          |       |       |    15 ||    15
       Great mace        |       |       |    18 ||    18
Throw: Dart              |       |       |    18 ||    18
 Cast: Beastly Appendage |    20 |     5 |       ||    25
       Wereblood         |     1 |     6 |       ||     7
  Use: Potion            |     1 |       |    12 ||    13
       Scroll            |       |       |    17 ||    17
 Stab: Sleeping          |       |     1 |       ||     1
Armor: Robe              |    23 |    17 |       ||    40
       Skin              |     4 |       |     9 ||    13
       Plate armour      |       |       |   125 ||   125
Dodge: Dodged            |    51 |    74 |    25 ||   150

Table legend: (Time is in decaauts)
 A = Elapsed time spent in this place.
 B = Non-inter-level travel time spent in this place.
 C = Inter-level travel time spent in this place.
 D = Time resting spent in this place.
 E = Time spent auto-exploring this place.
 F = Levels seen in this place.
 G = Mean time per level.
                   A        B        C        D        E       F      G
               +--------+--------+--------+--------+--------+-----+--------+
         Total |   7883 |   7555 |    328 |   1261 |   4959 |   7 | 1126.1 |
       Dungeon |   7174 |   6846 |    328 |   1261 |   4557 |   6 | 1195.7 |
         Sewer |    709 |    709 |      0 |      0 |    402 |   1 |  709.0 |
               +--------+--------+--------+--------+--------+-----+--------+

Top non-repeatable levels by time:
     D:5: 1691 daAuts
     D:3: 1662 daAuts
     D:1: 1348 daAuts
     D:2: 1003 daAuts
     D:4: 834 daAuts
   Sewer: 709 daAuts
     D:6: 634 daAuts
